 Dungeon Crawl Stone Soup version 0.27.1-3-gb3d3a73c9e (webtiles) character file.

Game seed: 11640958847311851692

583 pkoi the Grappler (level 7, -1/62 HPs)
             Began as a Troll Gladiator on Oct 25, 2021.
             Killed from afar by Edmund (5 damage)
             ... with a puff of flame
             ... on level 5 of the Dungeon.
             The game lasted 00:03:32 (2895 turns).

pkoi the Grappler (Troll Gladiator)                 Turns: 2895, Time: 00:03:33

Health: -1/62      AC:  5    Str: 25    XL:     7   Next: 14%
Magic:  6/6        EV: 10    Int:  4    God:
Gold:   124        SH:  0    Dex: 11    Spells: 6/6 levels left

rFire    . . .     SeeInvis .     - Unarmed
rCold    . . .     Faith    .   (no shield)
rNeg     . . .     Spirit   .   a - +0 robe
rPois    .         Reflect  .   b - +1 hat
rElec    .         Harm     .   (no cloak)
rCorr    .         Rampage  .   (gloves unavailable)
Will     .....                  (boots unavailable)
Stlth    +.........             (no amulet)
HPRegen  1.20/turn              (no ring)
MPRegen  0.10/turn              (no ring)

@: no status effects
A: large, unfitting armour, claws 3, regeneration 1, shaggy fur 1, tough skin 1
a: no special abilities


You were on level 5 of the Dungeon.
You visited 1 branch of the dungeon, and saw 5 of its levels.

You collected 124 gold pieces.

Inventory:

Missiles
 c - 3 throwing nets
 e - 8 boomerangs (quivered)
 f - 6 javelins
 k - 21 poisoned darts
Armour
 a - a +0 robe (worn)
 b - a +1 hat (worn)
Jewellery
 i - a ring of flight
Wands
 d - a wand of charming (8)
Potions
 g - a potion of invisibility {unknown}
 h - 4 potions of curing {unknown}
 j - a potion of haste {unknown}
 l - a potion of degeneration {unknown}
 m - a potion of mutation {unknown}


   Skills:
 - Level 1.5 Fighting
 - Level 1.7 Throwing
 - Level 2.4 Dodging
 + Level 8.3 Unarmed Combat


You had 6 spell levels left.
You didn't know any spells.
Your spell library contained the following spells:

 Spells                   Type           Power      Damage    Failure   Level
 Static Discharge         Conj/Air       0%         N/A       65%         2
 Animate Armour           Summ/Erth      0%         N/A       99%         4
 Blade Hands              Tmut           0%         N/A       100%        5
 Lightning Bolt           Conj/Air       0%         1d11      100%        5
 Iron Shot                Conj/Erth      0%         9d1       100%        6
 Maxwell's Capacitive Co  Air            0%         ∞         100%        8


Dungeon Overview and Level Annotations

Branches:
Dungeon (5/15)
 Temple: D:4-7

Altars:
Sif Muna
Wu Jian

Annotations:
D:5 Edmund


Innate Abilities, Weirdness & Mutations

You are too large for most types of armour.
You have claws for hands.
Your natural rate of healing is unusually fast.
You are covered in fur. (AC +1)
You have tough skin. (AC +1)


Message History

You barely miss Edmund.
Edmund is heavily wounded.
Edmund hits you with a +1 dire flail of protection.
* * * LOW HITPOINT WARNING * * *
You barely miss Edmund.
Edmund is heavily wounded.
You barely miss Edmund.
Edmund is heavily wounded.
Edmund zaps a wand.
The puff of flame hits you!
* * * LOW HITPOINT WARNING * * *
You scratch Edmund but do no damage.
Edmund is heavily wounded.
Edmund hits you with a +1 dire flail of protection!
* * * LOW HITPOINT WARNING * * *
You barely miss Edmund.
Edmund is heavily wounded.
Edmund zaps a wand.
The puff of flame misses you.
You barely miss Edmund.
Edmund is heavily wounded.
Edmund completely misses you.
You barely miss Edmund.
Edmund is heavily wounded.
Edmund hits you with a +1 dire flail of protection!
* * * LOW HITPOINT WARNING * * *
You completely miss Edmund.
Edmund is heavily wounded.
You barely miss Edmund.
Edmund is heavily wounded.
Edmund completely misses you.
An orc comes into view. It is wielding a +0 mace.
The orc shouts!
You claw Edmund!
Edmund is severely wounded.
You hear a shout!
Edmund hits you with a +1 dire flail of protection!
* * * LOW HITPOINT WARNING * * *
You closely miss Edmund.
Edmund is severely wounded.
Edmund zaps a wand.
The puff of flame hits you.
You die...

.............#..##.#..#
..#................#.#
#............#.###.).#
#...........#.# #..##
###....?.......# #..#
...o..........## #..#
##........### #..##
#.^........# #...#
#...@......# #<..#
###..@.......# #...#
#.......<.....# #...#
.$##............ #...#
# ##........##.# #...#
#.......## .. #...#
#.###.### #...# #. .#
....# . ..


You could see Edmund and an orc.

Vanquished Creatures
  Menkaure (D:5)
  An ogre (D:4)
  A scorpion (D:4)
  3 orc priests (D:4)
  3 orc wizards
  An iguana (D:3)
  A howler monkey skeleton (D:3)
  A gnoll (D:1)
  2 adders
  A worm (D:2)
  2 dart slugs (D:2)
  10 orcs
  6 endoplasms
  4 giant cockroaches
  7 goblins
  5 hobgoblins
  7 jackals
  12 kobolds
  A quokka (D:2)
  11 ball pythons
  8 bats
  4 frilled lizards
  2 rats
94 creatures vanquished.

Notes
Turn   | Place    | Note
-------+----------+-------------------------------------------
     0 | D:1      | pkoi the Troll Gladiator began the quest for the Orb.
     0 | D:1      | Reached XP level 1. HP: 19/19 MP: 0/0
   129 | D:1      | Reached XP level 2. HP: 27/27 MP: 1/1
   207 | D:1      | Reached skill level 4 in Unarmed Combat
   743 | D:1      | Reached XP level 3. HP: 33/33 MP: 2/2
  1312 | D:2      | Reached XP level 4. HP: 41/41 MP: 3/3
  1326 | D:2      | Found a faded altar of an unknown god.
  1338 | D:2      | Reached skill level 5 in Unarmed Combat
  1363 | D:2      | Found a shimmering blue altar of Sif Muna.
  1512 | D:3      | Found an ornate altar of the Wu Jian Council.
  1710 | D:3      | Reached XP level 5. HP: 48/48 MP: 4/4
  1845 | D:3      | Reached skill level 6 in Unarmed Combat
  2360 | D:4      | Noticed an ogre
  2508 | D:4      | Reached XP level 6. HP: 37/55 MP: 5/5
  2570 | D:4      | Reached skill level 7 in Unarmed Combat
  2785 | D:5      | Entered Level 5 of the Dungeon
  2785 | D:5      | Noticed Edmund
  2787 | D:5      | Noticed Menkaure
  2824 | D:5      | Killed Menkaure
  2825 | D:5      | Reached skill level 8 in Unarmed Combat
  2825 | D:5      | Reached XP level 7. HP: 20/62 MP: 6/6
  2894 | D:5      | HP: 3/62 [Edmund (10)]
  2895 | D:5      | Killed from afar by Edmund

Illustrated notes

Levels and vault maps discovered:
D:1:      giann_horns, layout_loops_corners, corexii_item_surrounded_by_moat
D:2:      layout_rooms, basic_altar, shapermc_ecumenical_altar_venn
D:3:      layout_loops_ring, mainiacjoe_overflow_catwalk, kennysheep_nub,
          st_stairs_8
D:4:      layout_rooms
D:5:      layout_rooms, amcnicky_altar_gilded, uniq_menkaure, uniq_edmund

Skill      XL: |  1  2  3  4  5  6 |
---------------+-------------------+-----
Unarmed Combat | 4 5 6 8 |  8.3
Fighting       | |  1.5
Throwing       | |  1.7
Dodging        | |  2.4

Action                   |  1- 3 |  4- 6 |  7- 9 || total
-------------------------+-------+-------+-------++-------
Melee: Unarmed           |    99 |   126 |    17 ||   242
       Punch             |     2 |     1 |       ||     3
  Use: Potion            |     2 |       |       ||     2
       Scroll            |       |     4 |       ||     4
 Stab: Sleeping          |     1 |       |       ||     1
Armor: Robe              |    30 |    29 |       ||    59
Dodge: Dodged            |    47 |    45 |     6 ||    98
